AoeStats
← ()

Arabia

504528974Analyzed
1v1 RM · 26d ago on Sep 5, 2026· 31m 41s· 2 players
Game mode
Random Map
Map size
Tiny (2 player)
Population
200
Speed
Normal
Resources
Standard
Victory
Conquest
Starting age
Dark Age
Ending age
Imperial Age
RankedLock teamsTeams togetherTeam positionsShared explorationLock speedFull tech treeHidden civsTurbo modeCheats
Victory
Defeat
🇺🇸 Inca · United States
757
+16
🇺🇸 Koreans · United States
766
-40
craig.bill.johnson
10:34 Feudal Age
8:49 Loom
11:02 Double-Bit Axe
10:58 Horse Collar
12:46 Gold Mining
21:23 Castle Age
19:49 Stone Mining
21:31 Wheelbarrow
22:09 Crossbowman
23:02 Heavy Plow
23:13 Bow Saw
25:33 Ballistics
25:17 Fletching
25:28 Padded Archer Armor
31:00 Bodkin Arrow
31:21 Leather Archer Armor
33:44 Imperial Age
32:43 Gold Shaft Mining
32:44 Stone Shaft Mining
32:29 Hand Cart
()
7:42 Loom
18:18 Feudal Age
20:14 Wheelbarrow
20:18 Man-at-Arms
22:05 Horse Collar
28:12 Forging
28:06 Scale Mail Armor
33:12 Castle Age
30:59 Town Watch
31:31 Fletching
31:48 Scale Barding Armor
Connection lost

Rejoining the realm…

Still unreachable

The connection could not be restored.

Session expired

The server has moved on; the page needs a fresh start.